Map: Oxide LE

Players

goblin

  • Race: Protoss Protoss
  • League: Master
  • Spawn Location: 1:00

Lambo - Winner!

  • Race: Zerg Zerg
  • League: Master
  • Spawn Location: 7:00

Event: DreamHack SC2 Masters 2020 Winter

VOD

Have the link to the VOD?

Description

Time

  • Played on: Nov. 1, 2020, 12:46 p.m.
  • Length: 16:04

All games in this series

Show
View Real Time Build Order
Export as new Build Order

goblin Protoss 

Build Orders: 1 Gate Expand 

Get SALT Encoding   

  12  0:00  Probe  
  13  0:12  Probe  
  14  0:17  Pylon  
  14  0:24  Probe (Chrono Boost)  
  15  0:36  Probe (Chrono Boost)  
  15  0:38  Gateway  
  16  0:45  Probe (Chrono Boost)  
  16  0:47  Assimilator  
  17  0:52  Probe  
  18  1:04  Probe  
  19  1:23  Nexus  
  19  1:25  Probe  
  20  1:39  Cybernetics Core, Probe  
  21  1:45  Assimilator  
  21  1:51  Probe  
  22  1:54  Pylon  
  22  2:03  Probe (Chrono Boost)  
  23  2:12  Stalker (Chrono Boost)  
  23  2:14  Probe (Chrono Boost)  
  26  2:19  Probe (Chrono Boost)  
  27  2:23  Robotics Facility  
  27  2:29  Warp Gate  
  27  2:31  Probe (Chrono Boost)  
  27  2:36  Probe (Chrono Boost)  
  29  2:40  Adept  
  32  2:48  Probe x2 (Chrono Boost)  
  33  2:53  Probe (Chrono Boost)  
  33  2:57  Twilight Council  
  34  2:58  Probe  
  34  3:04  Probe  
  36  3:10  Warp Prism (Chrono Boost)  
  38  3:18  Gateway  
  38  3:22  Assimilator  
  38  3:25  Assimilator  
  38  3:30  Charge (Chrono Boost)  
  38  3:31  Gateway  
  38  3:38  Immortal (Chrono Boost)  
  42  3:55  Gateway  
  42  3:56  Gateway  
  42  3:59  Gateway  
  42  4:11  Gateway, Immortal (Chrono Boost)  
  46  4:22  Gateway  
  46  4:25  Pylon  
  46  4:29  Pylon  
  46  4:30  Pylon  
  46  4:47  Zealot x2  
  46  4:48  Zealot  
  52  5:01  Pylon  
  52  5:06  Zealot  
  52  5:07  Zealot x3  
  58  5:09  Zealot x3  
  58  5:13  Pylon  
  66  5:37  Zealot x6  
  66  5:38  Zealot x2  
  50  5:59  Zealot x4  
  50  6:00  Zealot x3  
  50  6:02  Zealot x3  
  50  6:03  Zealot x3  
  56  6:05  Zealot x2  
  60  6:23  Zealot x4  
  60  6:24  Zealot x2  
  60  6:25  Zealot  
  74  6:26  Zealot  
  72  6:46  Zealot x3  
  72  6:47  Zealot x3  
  76  6:58  Pylon  
  76  7:15  Zealot x5  
  82  7:16  Zealot x2  
  82  7:17  Zealot  
  82  7:20  Pylon  
  76  7:44  Zealot  
  76  7:45  Zealot x7  
  62  8:11  Zealot x3  
  62  8:12  Zealot x4  
  62  8:16  Zealot  
  60  8:21  Pylon  
  60  8:39  Zealot x5  
  60  8:40  Zealot x3  
  76  8:45  Pylon  
  76  9:09  Zealot x3  
  82  9:10  Zealot x5  
  92  9:18  Pylon  
  92  9:32  Stalker  
  94  9:56  Nexus  
  94  9:57  Immortal (Chrono Boost)  
  94  9:58  Pylon  
  98  10:00  Probe x2 (Chrono Boost)  
  100  10:10  Probe x2 (Chrono Boost)  
  102  10:15  Probe (Chrono Boost)  
  102  10:16  Probe (Chrono Boost)  
  102  10:21  Zealot x2  
  108  10:25  Zealot x2  
  112  10:31  Immortal (Chrono Boost)  
  116  10:42  Sentry x3  
  122  10:44  Probe x2  
  124  10:56  Probe x2  
  126  11:06  Immortal (Chrono Boost)  
  130  11:12  Pylon  
  130  11:23  Sentry x3  
  134  11:48  Immortal (Chrono Boost)  
  134  11:51  Probe x2  
  138  11:55  Pylon  
  138  11:56  Pylon  
  136  12:05  Shield Battery x2  
  136  12:06  Pylon  
  136  12:07  Pylon  
  136  12:08  Zealot x4  
  132  12:09  Zealot, Sentry x3  
  95  12:52  Immortal (Chrono Boost)  
  95  12:56  Sentry x3  
  89  13:06  Sentry x2  
  77  13:15  Sentry  
  77  13:16  Sentry  
  81  13:22  Zealot x2  
  81  13:24  Observer (Chrono Boost)  
  86  13:33  Zealot x2  
  86  13:34  Zealot x2  
  68  13:55  Immortal (Chrono Boost)  
  71  14:03  Sentry  
  71  14:04  Sentry x2  
  77  14:13  Zealot x3, Sentry  
  85  14:35  Sentry x2  
  85  14:36  Sentry  
  85  14:37  Zealot x2  
  85  14:38  Zealot  
  97  14:56  Sentry  
  97  14:57  Sentry  
  101  15:03  Stalker  
  101  15:06  Stalker  
  105  15:22  Sentry x2  
Show
View Real Time Build Order
Export as new Build Order

Lambo Zerg - Winner!

Build Orders: Hatch First 

Get SALT Encoding   

  12  0:00  Drone  
  13  0:12  Overlord  
  13  0:17  Drone  
  14  0:30  Drone x2  
  16  0:47  Hatchery  
  15  0:51  Drone  
  15  0:54  Drone  
  17  0:58  Drone  
  18  1:08  Extractor  
  17  1:13  Spawning Pool  
  17  1:16  Drone  
  17  1:20  Drone  
  18  1:27  Drone  
  19  1:38  Drone  
  20  1:50  Drone  
  21  1:59  Queen x2  
  21  2:00  Zergling x2, Overlord  
  26  2:10  Zergling x2  
  26  2:12  Drone  
  26  2:13  Metabolic Boost  
  28  2:22  Drone x2  
  30  2:33  Hatchery  
  30  2:35  Drone  
  30  2:39  Drone  
  30  2:42  Drone  
  32  2:45  Overlord  
  32  2:52  Queen  
  32  2:55  Drone  
  32  2:57  Drone  
  36  3:04  Drone x2  
  38  3:08  Drone x2  
  38  3:09  Overlord  
  40  3:14  Drone  
  40  3:16  Queen  
  40  3:19  Drone  
  44  3:32  Drone x2  
  46  3:35  Queen  
  46  3:38  Drone x3  
  46  3:40  Drone  
  52  3:45  Queen  
  52  3:47  Overlord  
  54  3:54  Overlord  
  54  3:58  Drone x2  
  54  3:59  Drone  
  54  4:01  Overlord  
  57  4:04  Drone  
  57  4:06  Drone  
  59  4:10  Drone x2, Roach Warren  
  59  4:13  Drone  
  59  4:14  Drone  
  59  4:15  Lair  
  59  4:16  Zergling x2  
  63  4:20  Drone x3  
  66  4:24  Drone  
  66  4:25  Drone  
  66  4:26  Extractor  
  66  4:27  Overlord  
  66  4:28  Extractor  
  66  4:29  Drone  
  67  4:34  Drone x4  
  71  4:38  Overlord  
  71  4:42  Overlord  
  73  4:47  Overlord  
  72  4:54  Roach x6  
  72  4:58  Spine Crawler  
  81  5:00  Roach  
  81  5:02  Spine Crawler  
  81  5:03  Roach, Zergling x2  
  81  5:06  Overlord  
  85  5:09  Roach x2, Zergling x2  
  90  5:15  Zergling x2  
  90  5:16  Evolution Chamber  
  90  5:17  Evolution Chamber x2  
  90  5:20  Roach x2, Zergling x2  
  93  5:23  Roach, Zergling x2  
  93  5:26  Roach  
  93  5:28  Roach x2  
  101  5:32  Roach x2  
  103  5:37  Roach, Zergling x2  
  103  5:39  Roach  
  103  5:41  Roach, Zergling x4  
  104  5:44  Roach, Zergling x2  
  104  5:46  Zergling x2  
  104  5:47  Roach  
  97  5:51  Roach  
  97  5:54  Roach  
  90  5:57  Zergling x2  
  90  6:03  Roach  
  88  6:06  Roach, Zergling x4  
  88  6:07  Zergling x2  
  92  6:13  Zergling x4  
  92  6:14  Zergling x6  
  92  6:18  Roach  
  99  6:20  Glial Reconstitution  
  99  6:27  Queen  
  99  6:28  Roach x2  
  99  6:30  Zergling x2  
  106  6:35  Roach x2  
  107  6:40  Roach  
  107  6:41  Roach, Zergling x2  
  107  6:45  Queen, Roach  
  106  6:48  Roach  
  106  6:51  Roach  
  109  6:55  Queen, Spine Crawler  
  109  6:56  Roach  
  109  6:58  Roach  
  114  7:03  Roach, Zergling x4  
  114  7:07  Roach x2  
  122  7:11  Overlord  
  122  7:14  Overlord  
  122  7:17  Overlord  
  122  7:20  Spine Crawler  
  121  7:23  Overlord  
  121  7:27  Extractor, Roach  
  121  7:29  Roach  
  126  7:30  Roach  
  126  7:35  Roach x3  
  130  7:37  Roach  
  130  7:39  Zergling x2  
  130  7:40  Zergling x2  
  130  7:41  Zergling x2  
  130  7:43  Roach  
  119  7:45  Zergling x2  
  119  7:48  Roach  
  119  7:51  Roach  
  107  7:54  Roach  
  107  7:55  Zergling x2  
  108  7:59  Roach  
  108  8:00  Roach  
  108  8:02  Roach  
  102  8:06  Roach  
  102  8:07  Roach  
  102  8:11  Roach  
  103  8:14  Roach  
  103  8:17  Ravager  
  105  8:20  Ravager  
  105  8:23  Queen, Roach, Zergling x2  
  105  8:25  Drone  
  111  8:31  Roach x2  
  115  8:36  Roach x2  
  115  8:41  Roach  
  121  8:47  Roach x2  
  125  8:49  Roach  
  125  8:51  Queen  
  125  8:55  Overseer  
  129  8:57  Roach  
  129  8:59  Roach  
  133  9:03  Queen  
  133  9:08  Roach  
  133  9:09  Roach  
  135  9:12  Ravager  
  135  9:14  Zergling x2  
  135  9:19  Roach x2  
  135  9:23  Roach x2  
  143  9:28  Roach  
  144  9:31  Baneling Nest  
  144  9:32  Roach  
  144  9:34  Roach  
  144  9:37  Roach  
  149  9:40  Drone  
  149  9:43  Overlord  
  152  9:45  Roach  
  152  9:49  Roach  
  153  9:52  Overlord  
  153  10:13  Drone x2  
  150  10:14  Drone x8  
  150  10:16  Zergling x4  
  150  10:20  Baneling x2  
  160  10:23  Drone x2  
  162  10:34  Overseer  
  161  10:37  Overlord  
  161  10:41  Overlord  
  161  10:44  Overlord  
  161  10:49  Extractor  
  160  10:51  Ravager  
  160  10:52  Overlord  
  161  10:57  Baneling x4  
  161  10:58  Zergling x16  
  161  10:59  Ravager  
  161  11:04  Zergling x14  
  175  11:10  Ravager  
  175  11:11  Zergling x10  
  181  11:20  Zergling x4  
  181  11:22  Baneling x13  
  181  11:25  Zergling x4  
  185  11:26  Zergling x2  
  185  11:31  Zergling x6  
  189  11:34  Baneling  
  189  11:35  Baneling x5  
  189  11:38  Baneling x4  
  189  11:43  Overlord  
  189  11:44  Overlord  
  189  11:47  Overlord  
  189  11:53  Baneling  
  189  11:54  Baneling x10  
  185  12:03  Roach x4  
  185  12:08  Zergling x6  
  187  12:10  Zergling x2  
  187  12:11  Ravager  
  187  12:12  Zergling x2  
  186  12:19  Zergling x8  
  186  12:21  Zergling x2  
  179  12:25  Roach x2  
  168  12:30  Roach  
  168  12:33  Roach  
  160  12:37  Roach  
  160  12:40  Roach  
  140  12:52  Roach  
  131  13:04  Roach  
  126  13:06  Overseer  
  126  13:08  Drone  
  126  13:12  Drone  
  125  13:16  Drone  
  127  13:20  Zergling x4  
  127  13:21  Ravager  
  127  13:25  Zergling x2  
  130  13:29  Baneling  
  130  13:30  Baneling x2  
  130  13:31  Ravager x2  
  130  13:33  Zergling x2  
  133  13:38  Zergling x4  
  124  13:41  Zergling x2  
  124  13:47  Overseer  
  102  13:49  Zergling x6  
  102  13:52  Zergling x4  
  105  13:56  Drone  
  105  13:58  Drone  
  105  14:00  Drone  
  107  14:03  Drone  
  107  14:06  Drone  
  109  14:12  Drone x3  
  109  14:14  Drone  
  113  14:22  Drone  
  113  14:23  Drone x2  
  116  14:28  Drone  
  116  14:30  Queen  
  119  14:32  Ravager  
  119  14:36  Roach, Zergling x2  
  123  14:39  Drone  
  123  14:43  Zergling x4  
  126  14:50  Zergling x2  
  127  14:55  Zergling x4  
  127  14:58  Zergling x2  
  123  15:03  Queen x2  
  129  15:07  Roach x3  
  133  15:16  Roach x2  
  133  15:20  Roach  
  139  15:26  Roach  
  141  15:30  Zergling x4  
  143  15:35  Baneling  
  143  15:36  Baneling  
  143  15:38  Zergling x4  
  143  15:40  Zergling x2  
  146  15:47  Zergling x2  
Tags
 
Add a new tag
Caveats
  • Supply blocks, unpowered buildings, or Contaminate may cause inaccurate times.
  • Supply counts are checked every 10 seconds.